 Dungeon Crawl Stone Soup version 0.21-a0-201-g8501b10 (webtiles) character file.

14 Helio the Sneak (level 2, -1/13 HPs)
             Began as a Spriggan Enchanter on Aug 18, 2017.
             Slain by a kobold
             ... wielding a +0 club
              (6 damage)
             ... on level 1 of the Dungeon.
             The game lasted 00:01:54 (1043 turns).

Helio the Sneak (Spriggan Enchanter)                Turns: 1043, Time: 00:01:55

Health: -1/13      AC:  2    Str:  4    XL:     2   Next: 27%
Magic:  0/7        EV: 18    Int: 16    God:
Gold:   40         SH:  0    Dex: 16    Spells: 4/7 levels left

rFire    . . .     SeeInvis +   a - +1 dagger
rCold    . . .     Gourm    .   (shield restricted)
rNeg     . . .     Faith    .   b - +0 robe
rPois    .         Spirit   .   (helmet restricted)
rElec    .         Reflect  .   (no cloak)
rCorr    .         Harm     .   (gloves unavailable)
MR       .....                  (boots unavailable)
Stlth    +++.......             (no amulet)
HPRegen  0.04/turn              (no ring)
MPRegen  0.10/turn              (no ring)

@: very quick
A: unfitting armour, see invisible, herbivore 3, speed 3, slow metabolism 2
a: no special abilities


You were on level 1 of the Dungeon.
You were not hungry.

You visited 1 branch of the dungeon, and saw 1 of its levels.

You collected 40 gold pieces.

Inventory:

Hand Weapons
 a - a +1 dagger (weapon)
Armour
 b - a +0 robe (worn)
Scrolls
 g - a scroll of identify {unknown}
Potions
 e - a potion of haste {unknown}
Books
 c - a book of Maledictions

   Spells                             Type                      Level
   a - Corona                         Hexes                        1
   b - Ensorcelled Hibernation        Hexes/Ice                    2
   c - Confuse                        Hexes                        3
   d - Tukima's Dance                 Hexes                        3
   e - Dazzling Spray                 Conjuration/Hexes            3
Comestibles
 d - 2 bread rations
 f - a royal jelly


   Skills:
 - Level 1.1 Short Blades
 - Level 3.0 Dodging
 - Level 4.4 Stealth
 + Level 3.3 Spellcasting
 + Level 4.1 Hexes


You had 4 spell levels left.
You knew the following spells:

 Your Spells              Type           Power        Failure   Level  Hunger
a - Ensorcelled Hibernat  Hex/Ice        #.....       12%         2    ##.....
b - Corona                Hex            ###....      3%          1    None


Dungeon Overview and Level Annotations

Branches:
Dungeon (1/15)

Altars:


Innate Abilities, Weirdness & Mutations

You are very small and have problems with some larger weapons.
You are too small for most types of armour.
You have supernaturally acute eyesight. (SInv)
You are a herbivore.
You cover ground extremely quickly.
You need consume almost no food.


Message History

The kobold stops glowing.
The kobold barely misses you.
You barely miss the kobold. The kobold hits you with a club.
You hit the kobold but do no damage.
Casting: Corona
Confirm with . or Enter, or press ? or * to list all spells.
Aiming: Corona
Press: ? - help, Shift-Dir - straight line, f/p - kobold
Aim: a kobold, wielding a club and wearing a chain mail (chance to defeat MR: 69%)
The kobold is outlined in light.
The kobold completely misses you.
You hit the kobold but do no damage. The kobold hits you with a club.
You hit the kobold.
The kobold is moderately wounded.
The kobold barely misses you.
You hit the kobold but do no damage.
The kobold is moderately wounded.
The kobold hits you with a club.
You barely miss the kobold.
The kobold is moderately wounded.
The kobold hits you with a club.
You die...

..# #..#####.# ##.## #.# ..#
####(.#####.# #.# #.## ..#
#...........# #.# #... .##
#.##.###.#### ##+## #### .#
#†##.## .# ##...## .#
#.##..##.# ##.....## ##
#.###..#.# ##.......##
#####.###....###.........####..
...............K@>...(...'.....
#####....................####..
####...#####........## ## #..##
#.#.....## ##. #..####
#.##...## #.. #.....# #.###'##
##. #.###.# #.# #.# #.
#.###.###.# #.# #.
#.........###.#### #.


You could see a kobold.

Vanquished Creatures
  A ball python (D:1)
  2 bats (D:1)
  A giant cockroach (D:1)
  2 goblins (D:1)
  2 hobgoblins (D:1)
  A kobold (D:1)
  A frilled lizard (D:1)
  A rat (D:1)
11 creatures vanquished.

Notes
Turn   | Place    | Note
-------+----------+-------------------------------------------
     0 | D:1      | Helio the Spriggan Enchanter began the quest for the Orb.
     0 | D:1      | Reached XP level 1. HP: 9/9 MP: 5/5
   412 | D:1      | Reached XP level 2. HP: 13/13 MP: 7/7
   416 | D:1      | Learned a level 2 spell: Ensorcelled Hibernation
  1043 | D:1      | Slain by a kobold

Vault maps used:
D:1:      sevenhm_arrival_forest_fort_small_6

Skill      XL: |  1  2 |
---------------+-------+-----
Spellcasting   | 3 |  3.3
Hexes          | 4 |  4.1
Short Blades   | |  1.1
Dodging        | |  3.0
Stealth        | |  4.4

Action                   || total
-------------------------++-------
Melee: Dagger            ||    42
 Cast: Corona            ||     5
       Ensorcelled Hiber ||     6
  Use: Scroll            ||     1
 Stab: Sleeping          ||     7
Armor: Robe              ||     3
Dodge: Dodged            ||    36
